 Dungeon Sprint DCSS version 0.28-a0-79-g444c7a33f5 (webtiles) character file.

Game seed: 17724807892392063458

165 Zeldest the Slasher (level 5, 0/50 HPs)
             Began as a Demigod Gladiator on Aug 2, 2021.
             Slain by an orc warrior (16 damage)
             ... in the Dungeon (Sprint IX: "|||||||||||||||||||||||||||||").
             The game lasted 00:01:06 (110 turns).

Zeldest the Slasher (Demigod Gladiator)              Turns: 110, Time: 00:01:07

Health: 0/50       AC:  6    Str: 15    XL:     5   Next: 1%
Magic:  7/7        EV: 18    Int: 10    God:
Gold:   0          SH:  0    Dex: 22    Spells: 4/4 levels left

rFire   . . .      SeeInvis .   m - +2 scimitar (holy)
rCold   . . .      Faith    .   (no shield)
rNeg    . . .      Spirit   .   b - +0 leather armour
rPois   .          Reflect  .   c - +0 helmet
rElec   .          Harm     .   p - +0 cloak
rCorr   .          Rampage  .   o - +0 pair of gloves
Will    .....      NoTele   +   (no boots)
Stlth   ++........              (no amulet)
HPRegen 0.16/turn               q - +3 ring of dexterity
MPRegen 0.10/turn               r - +2 ring of evasion

@: no status effects
A: high mp 1, forlorn
a: no special abilities


You were in the Dungeon.
You visited 1 branch

Inventory:

Hand Weapons
 a - a +0 long sword
 m - a +2 scimitar of holy wrath (weapon)
 n - a +2 rapier of draining
Missiles
 d - 3 throwing nets (quivered)
Armour
 b - a +0 leather armour (worn)
 c - a +0 helmet (worn)
 o - a +0 pair of gloves (worn)
 p - a +0 cloak (worn)
Jewellery
 q - a +3 ring of dexterity (left hand)
 r - a +2 ring of evasion (right hand)
Wands
 l - a wand of iceblast (10)
Scrolls
 j - 2 scrolls of blinking
 k - 2 scrolls of amnesia
Potions
 e - a potion of invisibility
 f - 3 potions of heal wounds
 g - a potion of haste
 h - 4 potions of magic
 i - 4 potions of curing


   Skills:
 + Level 5.8 Fighting
 + Level 6.2 Long Blades
 - Level 1.7 Throwing
 + Level 6.2 Dodging


You had 4 spell levels left.
You didn't know any spells.
Your spell library was empty.

Dungeon Overview and Level Annotations

Branches:
Dungeon (1/1)


Innate Abilities, Weirdness & Mutations

Your attributes grow dramatically as you level up.
You have an increased reservoir of magic. (+10% MP)
You shall have no god before yourself.


Message History

k - 2 scrolls of amnesia;
j - 2 scrolls of blinking (gained 1)
l - a wand of iceblast (10)
Items here: )))))).
Your +2 scimitar of holy wrath softly glows with a divine radiance!
m - a +2 scimitar of holy wrath (weapon)
Okay, then.
n - a +2 rapier of draining
Okay, then.
You see here a +0 pair of gloves.
You start putting on your armour.
You continue putting on your +0 pair of gloves. x4
You finish putting on your +0 pair of gloves.
You see here a +0 cloak.
You start putting on your armour.
You continue putting on your +0 cloak. x4
You finish putting on your +0 cloak.
You see here a +1 scale mail.
q - a +3 ring of dexterity
Okay, then.
You feel agile.
q - a +3 ring of dexterity (left hand)
r - a +2 ring of evasion
r - a +2 ring of evasion (right hand)
Okay, then.
Okay, then.
As you open the door, it creaks loudly!
A kobold demonologist, 3 orc warriors and 2 zombies come into view.
The orc warrior shouts! x2
You slash the ball python zombie!
You destroy the ball python zombie!
Okay, then.
You hit the orc warrior but do no damage.
The orc warrior hits you with a +0 war axe!
You slash the orc warrior!
The orc warrior is moderately wounded.
The orc warrior hits you with a +0 war axe!
You hit the orc warrior.
The orc warrior is heavily wounded.
The orc warrior barely misses you.
The orc warrior hits you with a +0 war axe!
You die... ▓▓▓▓▓▓▓▓▓▓▓▓▓▓▓▓▓▓▓▓▓▓▓▓ ..oZoKo@.[...)..'_______ ▓▓▓▓▓▓▓▓▓▓▓▓▓▓▓▓▓▓▓▓▓▓▓▓

You could see a kobold demonologist, 3 orc warriors and a bat zombie.

Vanquished Creatures
  A necrophage (D)
  A scorpion (D)
  An adder (D)
  A ball python (D)
  A goblin (D)
  A kobold (D)
  A quokka (D)
  2 ball python skeletons (D)
  A ball python zombie (D)
  A rat (D)
11 creatures vanquished.

Notes
Turn   | Place    | Note
-------+----------+-------------------------------------------
     0 | D        | Zeldest the Demigod Gladiator began the quest for the Orb.
     0 | D        | Reached XP level 1. HP: 17/17 MP: 3/3
    21 | D        | Noticed a necrophage
    21 | D        | Noticed a scorpion
    31 | D        | Killed a scorpion
    32 | D        | Reached XP level 2. HP: 23/28 MP: 4/4
    32 | D        | Reached XP level 3. HP: 28/34 MP: 5/5
    34 | D        | Reached skill level 5 in Long Blades
    34 | D        | Reached skill level 5 in Dodging
    41 | D        | Killed a necrophage
    42 | D        | Reached skill level 5 in Fighting
    42 | D        | Reached XP level 4. HP: 30/44 MP: 6/6
    42 | D        | Reached XP level 5. HP: 34/50 MP: 7/7
    77 | D        | Found the +8 mithril axe "Arga" {speed, Will+}
   106 | D        | Noticed an orc warrior
   106 | D        | Noticed an orc warrior
   106 | D        | Noticed a kobold demonologist
   106 | D        | Noticed an orc warrior
   110 | D        | Slain by an orc warrior

Illustrated notes

Levels and vault maps discovered:
D:        linesprint [early_d, line_temple, items_1, d_10, items_2, lair_1,
          lair_end, items_3, orc_1, orc_end, items_4, d_15, swamp_1, shoals_1,
          snake_1, spider_1, d_20, vaults_1, items_5, swamp_end, shoals_end,
          snake_end, spider_end, vaults_end, d_27, items_6, zot_1, zot_end,
          crypt_end, forest_end, elf_end, slime_end, tomb_end, abyss_end,
          pan_hell_end]

Skill      XL: |  1  2  3 |
---------------+----------+-----
Fighting       | 4 5 |  5.8
Long Blades    | 4 6 |  6.2
Dodging        | 4 6 |  6.2
Throwing       | |  1.7

Action                   |  1- 3 |  4- 6 || total
-------------------------+-------+-------++-------
Melee: Long sword        |    27 |     4 ||    31
       Scimitar          |       |     4 ||     4
  Use: Potion            |     2 |       ||     2
Armor: Leather armour    |     4 |     2 ||     6
Dodge: Dodged            |    14 |     9 ||    23
       Rpst.: Long sword |     3 |     1 ||     4

Table legend: (Time is in decaauts)
 A = Elapsed time spent in this place.
 B = Non-inter-level travel time spent in this place.
 C = Inter-level travel time spent in this place.
 D = Time resting spent in this place.
 E = Time spent auto-exploring this place.
 F = Levels seen in this place.
 G = Mean time per level.
                   A        B        C        D        E       F      G
               +--------+--------+--------+--------+--------+-----+--------+
         Total |    116 |    116 |      0 |      0 |      0 |   1 |  116.0 |
       Dungeon |    116 |    116 |      0 |      0 |      0 |   1 |  116.0 |
               +--------+--------+--------+--------+--------+-----+--------+

Top non-repeatable levels by time:
       D: 116 daAuts
